 Dungeon Crawl Stone Soup version 0.20-a0-869-gcf33cab (webtiles) character file.

242392 M4edhros the Unseen (level 19, -5/131 HPs)
             Began as an Octopode Artificer on Mar 12, 2017.
             Was the Champion of Fedhas.
             Slain by an emperor scorpion (8 damage)
             ... on level 2 of the Spider Nest on Mar 13, 2017.
             The game lasted 02:22:43 (42120 turns).

M4edhros the Unseen (Octopode Artificer)           Turns: 42120, Time: 02:22:44

Health: -5/131     AC:  7    Str: 12    XL:     19   Next: 84%
Magic:  0/26       EV: 22    Int: 18    God:    Fedhas [******]
Gold:   1490       SH:  0    Dex: 23    Spells: 11/31 levels left

rFire    . . .     SeeInvis +   x - +4 fustibalus "Huetrid" {venom, rN+}
rCold    . . .     Gourm    .   k - +5 shield (curse)
rNeg     + . .     Faith    .   S - +0 hat {Int+3}
rPois    .         Spirit   +   G - amulet of guardian spirit
rElec    .         Reflect  .   Q - ring of see invisible
rCorr    .         Harm     .   J - ring of stealth
MR       ++...                  H - ring of wizardry
Stlth    ++++++....             P - +4 ring of protection
Regen    0.4/turn               T - ring of stealth
MPRegen  0.2/turn               E - ring of protection from magic
                                p - +5 ring of dexterity
                                N - ring of wizardry

@: confused, lethally poisoned (-5 -> -66), starving
A: almost no armour, stealthy swim, amphibious, 8 rings, constrict 8, large bone
plates 2, yellow scales 1, camouflage 1, low mp 1, gelatinous body 1, subdued
magic 1
}: 1/15 runes: barnacled
a: Fungal Bloom, Evolution, Sunlight, Growth, Reproduction, Rain, Renounce
Religion


You were on level 2 of the Spider Nest.
You worshipped Fedhas.
Fedhas was exalted by your worship.
You were starving.

You visited 6 branches of the dungeon, and saw 32 of its levels.
You also visited: Sewer.

You collected 2965 gold pieces.
You spent 1475 gold pieces at shops.

Inventory:

Hand Weapons
 a - a +0 eveningstar of draining
 j - the +8 long sword "Fonunyv" {venom, rF+ MP+9 Dex+2}
   (You took it off a deep elf knight on level 2 of the Elven Halls)

   It poisons the flesh of those it strikes.
   It affects your dexterity (+2).
   It protects you from fire.
   It affects your magic capacity (+9).
 x - the +4 fustibalus "Huetrid" (weapon) {venom, rN+}
   (You found it on level 3 of the Elven Halls)

   It poisons the ammo it fires.
   It protects you from negative energy.
 y - a +0 blowgun
Missiles
 z - 14 curare-tipped needles
 A - 871 stones
 K - 292 sling bullets (quivered)
Armour
 k - a cursed +5 shield (worn)
 S - a +0 hat of intelligence (worn)
Jewellery
 p - a +5 ring of dexterity (on tentacle)
 E - a ring of protection from magic (on tentacle)
 G - an amulet of guardian spirit (around mantle)
 H - a ring of wizardry (on tentacle)
 J - a ring of stealth (right tentacle)
 L - a +2 amulet of reflection
 N - a ring of wizardry (on tentacle)
 P - a +4 ring of protection (on tentacle)
 Q - a ring of see invisible (left tentacle)
 T - a ring of stealth (on tentacle)
Wands
 h - a wand of disintegration (0/24)
 l - a wand of confusion (25/48)
 n - a wand of scattershot (0/9)
 q - a wand of digging (14/24)
 w - a wand of confusion (0/48)
 C - a wand of iceblast (0/15)
 W - a wand of paralysis (14/24)
Scrolls
 c - 2 scrolls of fog
 d - a scroll of summoning
 e - 4 scrolls of teleportation
 m - 6 scrolls of recharging
 r - 3 scrolls of fear
 B - 2 scrolls of remove curse
 I - 3 scrolls of identify
 X - 2 scrolls of amnesia
 Y - 3 scrolls of brand weapon
Potions
 i - 5 potions of magic
 o - 2 potions of might
 s - 5 potions of mutation
 u - a potion of berserk rage
 D - 2 potions of flight
 F - 4 potions of haste
 M - a potion of agility
 O - a potion of resistance
 R - a potion of brilliance
 Z - a potion of ambrosia
Miscellaneous
 b - a lamp of fire
 v - a lightning rod (inert)
 U - 2 sacks of spiders
 V - 2 phantom mirrors
Comestibles
 f - 6 bread rations
 g - 28 fruits


   Skills:
 + Level 12.2 Fighting
   Level 1.0 Short Blades
 + Level 12.7 Maces & Flails
 * Level 9.6 Slings
 - Level 10.3 Dodging
 - Level 15.5 Stealth
 + Level 13.6 Shields
 * Level 6.5 Spellcasting
 + Level 5.2 Conjurations
 - Level 7.6 Charms
 - Level 4.1 Summonings
 - Level 6.0 Necromancy
 - Level 4.5 Air Magic
 - Level 14.2 Invocations
 - Level 11.3 Evocations


You had 11 spell levels left.
You knew the following spells:

 Your Spells              Type           Power        Failure   Level  Hunger
a - Summon Lightning Spi  Summ/Air       ###.....     7%          4    ####...
b - Regeneration          Chrm/Necr      ###.......   1%          3    ##.....
c - Spectral Weapon       Hex/Chrm       ###.....     2%          3    ##.....
d - Song of Slaying       Chrm           ####....     1%          2    None
e - Shroud of Golubria    Chrm/Tloc      ###.......   1%          2    None
f - Iskenderun's Battles  Conj/Chrm      ###.....     7%          5    #####..
g - Shock                 Conj/Air       ###.         1%          1    None


Dungeon Overview and Level Annotations

Branches:
Dungeon (15/15)            Temple (0/1) D:6            Lair (6/6) D:8
 Shoals (4/4) Lair:3       Spider (2/4) Lair:3        Slime (0/5) Lair:6
    Orc (2/2) D:12            Elf (3/3) Orc:2        Vaults (0/5) D:14
 Depths: D:15

Altars:
Cheibriados
Elyvilon
Fedhas
Gozag
Hepliaklqana
Kikubaaqudgha
Makhleb
Okawaru
Qazlal
Trog
Vehumet
Wu Jian
Xom
Jiyva

Shops:
D:8 *   Orc:1 *   Orc:2 =}[?%   Elf:2 [   Elf:3 !}==   Shoals:1 ?

Annotations:
Shoals:4 Polyphemus
Elf:2 3 runed doors, exclusion: 2 lightning spires


Innate Abilities, Weirdness & Mutations

You cannot wear most types of armour.
You are very stealthy in the water. (Stealth+)
You are amphibious.
You can wear up to eight rings at the same time.
You can use your tentacles to constrict eight enemies at once.
Your skin changes colour to match your surroundings (Stealth+).
Your rubbery body absorbs attacks. (AC +1, EV +1)
You are mostly covered in large bone plates. (SH +6)
You are partially covered in yellow scales. (AC +2)
Your magical capacity is low. (-10% MP)
Your spells are a little easier to cast, but a little less powerful.


Message History

* * * LOW HITPOINT WARNING * * *
The emperor scorpion closely misses you.
A tarantella comes into view.
Okay, then.
You clumsily bash the emperor scorpion but do no damage.
The emperor scorpion is almost dead.
* * * LOW HITPOINT WARNING * * *
You feel very sick. The redback closely misses you.
The orb spider weaves a glowing orb of energy.
Your wandering mushroom releases spores at the redback.
The redback is engulfed in a cloud of spores!
The emperor scorpion stings you!
* * * LOW HITPOINT WARNING * * *
You are more poisoned.
The emperor scorpion poisons you! The emperor scorpion claws you.
* * * LOW HITPOINT WARNING * * *
The emperor scorpion claws you!
You die...
Fedhas appreciates your contribution to the ecosystem.

#... ....#^.#....... #...
#...#..#......(
#....#...#..#..:.(..
#.>..#...#..#.......
...(.....#..#..(....
............#s.....[
...........†..s...##
##############..s.(†....(.#
#....^.......<..@s†((......
#................f........
###...........)..##.......
###............#.(# ....(!.
#.#########....#### ..>....
#..^.........^..# ..#....
#..............## ..#...#
..^##.....#...## ..
.###......#...#


You could see an emperor scorpion, an orb spider, a tarantella, a redback and a
friendly wandering mushroom.

Vanquished Creatures
  Mara (Shoals:4)
  Nikola (Shoals:2)
  A deep elf master archer (Elf:3)
  A sphinx (Elf:3)
  Kirke (Spider:2)
  Ilsuiw (Shoals:4)
  3 deep elf sorcerers
  A frost giant (Shoals:4)
  Aizul (Shoals:4)
  6 deep elf elementalists (Elf:3)
  Nessos (D:14)
  A deep elf demonologist (Elf:3)
  6 deep elf annihilators
  An ettin (Orc:1)
  4 merfolk javelineers (Shoals:4)
  A fire dragon (Lair:6)
  4 deep elf death magi (Elf:3)
  11 merfolk impalers
  Erolcha (D:9)
  2 vault guards (D:14)
  4 hydras
  2 centaur warriors
  A satyr (Shoals:4)
  4 merfolk avatars
  Erica (D:8)
  6 alligator snapping turtles
  8 merfolk aquamancers
  5 two-headed ogres
  15 dancing weapons
  4 death yaks (Shoals:4)
  3 orc high priests
  A shock serpent (Elf:2)
  10 deep elf knights
  3 wandering mushrooms
  16 sea snakes
  2 deep trolls (Elf:3)
  An unseen horror (D:12)
  A kraken simulacrum (Shoals:4)
  12 deep elf archers
  2 orc knights (Orc:2)
  4 harpies
  A wizard (D:14)
  11 manticores
  47 deep elf magi
  3 ugly things (D:14)
  2 orb spiders
  2 orc sorcerers (Elf:1)
  17 fauns
  18 wolf spiders
  Maurice (Orc:1)
  4 cyclopes
  5 merfolk sirens
  3 moths of wrath
  5 elephants
  6 black mambas
  A torpor snail (Spider:1)
  7 water nymphs
  2 molten gargoyles (Lair:6)
  A gargoyle (D:11)
  9 spiny frogs
  2 freezing wraiths (D:14)
  A rime drake (Lair:1)
  2 efreet
  11 komodo dragons
  A demonic crawler (Spider:1)
  15 jumping spiders
  29 merfolk
  2 polar bears (Lair:2)
  2 wind drakes
  3 trolls
  2 slime creatures (D:14)
  3 hornets
  11 dream sheep
  25 blink frogs
  8 snapping turtles
  7 hippogriffs
  An air elemental (Elf:2)
  13 tarantellas
  A spriggan (D:10)
  Sigmund (D:3)
  37 redbacks
  20 water elementals
  A vampire (D:14)
  4 wraiths
  6 basilisks
  2 fire elementals
  6 wyverns
  17 yaks
  3 hogs (Spider:2)
  2 steam dragons (Lair:6)
  4 vampire mosquitoes
  2 acid dragons
  2 wargs
  2 soldier ants (D:13)
  Edmund (D:4)
  5 hell hounds (Lair:6)
  10 water moccasins
  4 porcupines
  16 orc warriors
  2 ice beasts
  4 sky beasts
  3 phantoms
  7 black bears
  2 eyes of draining
  2 boggarts (Elf:1)
  16 wolves (Lair:3)
  10 centaurs
  4 ogres
  10 crocodiles
  5 big kobolds
  11 bullfrogs
  2 earth elementals
  4 scorpions (D:12)
  2 wyvern skeletons
  7 killer bees (D:11)
  6 electric eels
  3 lava snakes (Lair:6)
  2 howler monkeys
  5 crimson imps
  A quasit (D:12)
  17 orc priests
  6 hounds
  4 centaur skeletons
  A gnoll shaman (D:9)
  3 jellies
  2 bullfrog skeletons
  6 iguanas
  15 orc wizards
  15 worker ants
  7 hell rats (Lair:4)
  A yak simulacrum (Lair:6)
  4 polar bear simulacra (Lair:6)
  2 wolf simulacra (Lair:6)
  3 hound skeletons
  A worker ant zombie (D:5)
  11 gnolls
  11 adders
  2 river rats (D:4)
  7 oozes
  An adder zombie (D:5)
  An adder skeleton (D:9)
  4 worms
  A dart slug (D:2)
  5 leopard geckos
  50 orcs
  6 ball pythons
  14 bats
  6 giant cockroaches
  7 goblins
  5 hobgoblins
  8 jackals
  41 kobolds
  4 quokkas
  2 frilled lizards
  3 leopard gecko skeletons
  10 rats
  4 river rat simulacra (Lair:6)
  3 ballistomycetes (Shoals:4)
  2 ballistomycete spores
  A hyperactive ballistomycete (Shoals:4)
  A tentacle (Shoals:4)
  A toadstool (Lair:6)
989 creatures vanquished.

Vanquished Creatures (collateral kills)
  2 deep elf master archers (Elf:3)
  4 deep elf blademasters (Elf:3)
  Gastronok (Lair:3)
  Agnes (Spider:2)
  The ghost of morra the Markscentaur, a journeyman CeHu of Okawaru (Orc:2)
  4 deep elf sorcerers
  An orc warlord (Elf:3)
  A large abomination (Elf:3)
  A deep elf annihilator (Elf:3)
  3 deep elf demonologists (Elf:3)
  Snorg (Lair:3)
  3 deep elf death magi
  3 merfolk impalers
  5 merfolk javelineers
  3 deep elf high priests (Elf:3)
  Josephine (D:10)
  3 hydras
  2 vault guards (D:14)
  A merfolk avatar (Shoals:4)
  4 two-headed ogres
  A death knight (D:14)
  4 dancing weapons
  6 orc high priests
  A shock serpent (Elf:2)
  A spriggan (Lair:3)
  10 deep elf knights
  2 deep trolls (Elf:3)
  5 deep elf archers (Elf:3)
  3 sea snakes
  A lindwurm (Lair:6)
  8 orc knights
  4 ugly things
  10 deep elf magi
  A harpy (Shoals:4)
  A wolf spider (Spider:1)
  2 cyclopes
  3 fauns (Shoals:1)
  An elephant (Lair:6)
  A manticore (Shoals:1)
  2 merfolk sirens
  A black mamba (Lair:2)
  4 water nymphs
  A molten gargoyle (Lair:6)
  A spiny frog (Lair:2)
  A spiny frog (shapeshifter) (Elf:1)
  3 centaur skeletons
  A gargoyle (D:12)
  The ghost of Denreik the Magician, a novice DrVM (D:6)
  4 komodo dragons
  2 demonic crawlers
  4 trolls
  5 merfolk
  4 blink frogs
  2 wind drakes (Shoals:4)
  7 polar bears (Lair:2)
  A hornet (Lair:3)
  2 jumping spiders (Spider:1)
  A raiju (Elf:2)
  A hippogriff (shapeshifter) (Elf:3)
  A slime creature (D:14)
  3 dream sheep
  A hippogriff (D:8)
  A snapping turtle (Shoals:4)
  6 redbacks
  A wyvern (Lair:6)
  2 air elementals (Elf:2)
  3 hogs (Spider:2)
  3 wraiths
  14 yaks
  2 basilisks
  A fire elemental (Elf:2)
  2 hungry ghosts
  3 vampire mosquitoes
  2 wargs
  A water moccasin (D:8)
  3 porcupines (Lair:3)
  A sky beast (D:14)
  2 ice beasts (D:8)
  3 black bears (Lair:2)
  8 orc warriors
  An eye of draining (D:14)
  An ogre (D:10)
  11 wolves (Lair:3)
  2 centaurs (D:14)
  A bullfrog (Lair:2)
  4 earth elementals
  A scorpion (D:14)
  4 killer bees
  2 howler monkeys
  A crimson imp (D:6)
  A jelly (D:10)
  9 orc priests
  3 iguanas
  3 orc wizards
  A gnoll (D:9)
  An adder skeleton (D:8)
  16 orcs
  A jackal (D:5)
  A kobold (D:8)
  9 ballistomycete spores
  A crawling corpse (Elf:3)
295 creatures vanquished.

Vanquished Creatures (others)
  5 oklob plants
  A deep elf annihilator (Elf:3)
  A wizard (Elf:1)
  A necromancer (Lair:6)
  2 deep elf magi (Elf:2)
  A hippogriff (Shoals:2)
  An acid dragon (D:14)
  A yak (D:10)
  A human (Spider:2)
  2 necrophages
  An ogre (D:10)
  An electric eel (Lair:3)
  An orc wizard (Orc:2)
  A worker ant (D:14)
  A killer bee zombie (D:8)
  2 worker ant zombies
  2 ball lightnings (Elf:2)
  30 wandering mushrooms
  27 ballistomycetes
  21 ballistomycete spores
  30 fungi
  2 hyperactive ballistomycetes
  14 plants
  10 tentacles (Shoals:4)
  964 toadstools
1123 creatures vanquished.

Grand Total: 2407 creatures vanquished

Notes
Turn   | Place    | Note
-------+----------+-------------------------------------------
     0 | D:1      | M4edhros the Octopode Artificer began the quest for the Orb.
     0 | D:1      | Reached XP level 1. HP: 13/13 MP: 3/3
   132 | D:1      | Reached skill level 2 in Stealth
   199 | D:1      | Reached skill level 3 in Stealth
   199 | D:1      | Reached XP level 2. HP: 16/18 MP: 4/4
   547 | D:3      | Found a burning altar of Makhleb.
   555 | D:3      | Reached skill level 5 in Stealth
   555 | D:3      | Reached XP level 3. HP: 20/23 MP: 5/5
   710 | D:4      | Reached XP level 4. HP: 28/28 MP: 6/6
   719 | D:4      | Reached skill level 6 in Stealth
   720 | D:4      | Found a blossoming altar of Fedhas.
   732 | D:4      | Became a worshipper of Fedhas Madash
   786 | D:4      | Found a glowing drain.
   793 | D:4      | Reached skill level 7 in Stealth
   793 | D:4      | Reached XP level 5. HP: 20/33 MP: 7/7
   829 | Sewer    | Entered a sewer
  1052 | Sewer    | Noticed a big kobold
  1059 | Sewer    | Killed a big kobold
  1059 | Sewer    | Reached skill level 8 in Stealth
  1059 | Sewer    | Reached XP level 6. HP: 30/38 MP: 8/8
  1417 | D:2      | Reached skill level 9 in Stealth
  1887 | D:2      | Found a snail-covered altar of Cheibriados.
  1908 | D:2      | Reached * piety under Fedhas
  2007 | D:2      | Found a faded altar of an unknown god.
  2203 | D:2      | Found a bloodstained altar of Trog.
  2939 | D:3      | Found a shimmering altar of Xom.
  2946 | D:3      | Noticed a sky beast
  2962 | D:3      | Killed a sky beast
  2962 | D:3      | Reached skill level 1 in Invocations
  2962 | D:3      | Reached XP level 7. HP: 44/44 MP: 9/9
  3298 | D:3      | Noticed Sigmund
  3302 | D:3      | Killed Sigmund
  3545 | D:4      | Noticed Edmund
  3553 | D:4      | Killed Edmund
  3726 | D:4      | Found a snail-covered altar of Cheibriados.
  3726 | D:4      | Found a white marble altar of Elyvilon.
  3727 | D:4      | Found an ancient bone altar of Kikubaaqudgha.
  3831 | D:5      | Entered Level 5 of the Dungeon
  3887 | D:5      | Reached XP level 8. HP: 47/52 MP: 10/10
  3928 | D:5      | Reached skill level 10 in Stealth
  3929 | D:5      | Reached ** piety under Fedhas
  4766 | D:6      | Reached *** piety under Fedhas
  4878 | D:6      | Gained mutation: Your magical capacity is low. (-10% MP) [mutagenic meat]
  4879 | D:6      | Gained mutation: You are partially covered in large bone plates. (SH +4) [mutagenic meat]
  4880 | D:6      | Gained mutation: Your mind is acute. (Int +2) [mutagenic meat]
  5047 | D:6      | Noticed Denreik's ghost (novice DrVM)
  5071 | D:6      | Killed Denreik's ghost
  5080 | D:6      | Reached skill level 5 in Invocations
  5080 | D:6      | Reached XP level 9. HP: 47/59 MP: 8/11
  5177 | D:6      | Found an opulent altar of Gozag.
  5373 | D:6      | Reached skill level 5 in Dodging
  5373 | D:6      | Reached skill level 11 in Stealth
  5488 | D:6      | Found a staircase to the Ecumenical Temple.
  5716 | D:7      | Reached skill level 5 in Fighting
  5996 | D:7      | You fall through a shaft for 3 floors!
  5996 | D:10     | Entered Level 10 of the Dungeon
  6028 | D:10     | Noticed Josephine
  6049 | D:10     | Killed Josephine
  6096 | D:10     | Reached skill level 12 in Stealth
  6104 | D:10     | Reached XP level 10. HP: 21/68 MP: 6/13
  6697 | D:10     | Noticed a two-headed ogre
  6705 | D:10     | Killed a two-headed ogre
  6781 | D:10     | Reached **** piety under Fedhas
  7301 | D:9      | Noticed a two-headed ogre
  7319 | D:9      | Killed a two-headed ogre
  7350 | D:9      | Found a stormy altar of Qazlal.
  7359 | D:9      | Found an ornate altar of the Wu Jian Council.
  7411 | D:9      | Noticed Erolcha
  7423 | D:9      | Killed Erolcha
  7423 | D:9      | Reached skill level 13 in Stealth
  8417 | D:8      | Noticed a two-headed ogre
  8431 | D:8      | Killed a two-headed ogre
  8431 | D:8      | Reached XP level 11. HP: 68/76 MP: 13/15
  8450 | D:8      | Noticed Erica
  8461 | D:8      | Killed Erica
  8461 | D:8      | Reached skill level 5 in Evocations
  8466 | D:8      | Noticed a two-headed ogre
  8472 | D:8      | Killed a two-headed ogre
  8564 | D:8      | Found a staircase to the Lair.
  8637 | D:8      | Found Ahopsigh's Elemental Accessories.
  8790 | D:8      | Found a hazy altar of Hepliaklqana.
  9646 | D:11     | Learned a level 4 spell: Summon Lightning Spire
  9991 | D:11     | Reached skill level 1 in Summonings
 10145 | D:11     | Noticed a five-headed hydra
 10146 | D:11     | Noticed a centaur warrior
 10152 | D:11     | Killed a five-headed hydra
 10152 | D:11     | Reached skill level 1 in Spellcasting
 10152 | D:11     | Reached skill level 1 in Air Magic
 10158 | D:11     | Killed a centaur warrior
 10287 | D:11     | Reached XP level 12. HP: 50/84 MP: 11/16
 10295 | D:11     | Reached ***** piety under Fedhas
 10881 | D:12     | Noticed a two-headed ogre
 10889 | D:12     | Killed a two-headed ogre
 10889 | D:12     | Reached skill level 14 in Stealth
 11100 | D:12     | Noticed an eight-headed hydra
 11112 | D:12     | Killed an eight-headed hydra
 11448 | D:12     | Found a staircase to the Orcish Mines.
 11457 | Orc:1    | Entered Level 1 of the Orcish Mines
 11812 | D:13     | Noticed a two-headed ogre
 11814 | D:13     | Killed a two-headed ogre
 12031 | D:13     | Noticed a centaur warrior
 12045 | D:13     | Killed a centaur warrior
 13136 | D:14     | Found a gate to the Vaults.
 13136 | D:14     | Noticed a vault guard
 13136 | D:14     | Noticed a vault guard
 13136 | D:14     | Noticed a vault guard
 13226 | D:14     | Noticed Nessos
 13241 | D:14     | Killed Nessos
 13560 | D:14     | Reached XP level 13. HP: 46/90 MP: 2/18
 13564 | D:14     | Gained mutation: You tend to lose your temper in combat. [mutagenic meat]
 14030 | D:14     | Reached skill level 10 in Invocations
 14206 | D:14     | Gained mutation: You are partially covered in yellow scales. (AC +2) [mutagenic meat]
 14207 | D:14     | Gained mutation: Your spells are a little easier to cast, but a little less powerful. [mutagenic meat]
 14208 | D:14     | Gained mutation: You are mostly covered in large bone plates. (SH +6) [mutagenic meat]
 14209 | D:14     | Lost mutation: You tend to lose your temper in combat. [mutagenic meat]
 14211 | D:14     | Gained mutation: You are robust. (+10% HP) [mutagenic meat]
 14218 | D:14     | Lost mutation: You are robust. (+10% HP) [mutagenic meat]
 14534 | D:14     | Killed a vault guard
 14539 | D:14     | Killed a vault guard
 14691 | D:14     | Killed a vault guard
 14791 | D:14     | Reached skill level 10 in Evocations
 14812 | D:14     | Noticed a vault guard
 14843 | D:14     | Killed a vault guard
 15138 | D:15     | Entered Level 15 of the Dungeon
 15143 | D:15     | Reached skill level 15 in Stealth
 15559 | Orc:2    | Entered Level 2 of the Orcish Mines
 15669 | Orc:2    | Found Wimaw's Food Emporium.
 15675 | Orc:2    | Noticed morra's ghost (journeyman CeHu)
 15695 | Orc:2    | Killed morra's ghost
 15695 | Orc:2    | Reached skill level 10 in Dodging
 15983 | Orc:2    | Found an iron altar of Okawaru.
 16249 | Orc:2    | Reached skill level 10 in Fighting
 16390 | Orc:2    | Reached XP level 14. HP: 31/99 MP: 8/20
 16619 | Orc:2    | Found a staircase to the Elven Halls.
 17247 | Orc:2    | Found Seamec's Magic Scroll Emporium.
 17247 | Orc:2    | Found Ekkirr's Armour Emporium.
 17260 | Orc:2    | Found Eroinu Buena's Gadget Shoppe.
 17260 | Orc:2    | Found Atearuom's Jewellery Emporium.
 17275 | Orc:2    | Bought a cursed +0 shield for 19 gold pieces
 17293 | Orc:2    | Bought a +5 ring of dexterity for 700 gold pieces
 17297 | Orc:2    | Bought a scroll of teleportation for 36 gold pieces
 17297 | Orc:2    | Bought a scroll of blinking for 90 gold pieces
 17297 | Orc:2    | Bought a scroll of fear for 42 gold pieces
 17297 | Orc:2    | Bought a scroll of fear for 42 gold pieces
 17297 | Orc:2    | Bought a scroll of teleportation for 36 gold pieces
 17383 | Orc:1    | Found Cenataor's General Store.
 17405 | Orc:1    | Reached ****** piety under Fedhas
 17423 | Orc:1    | Noticed Maurice
 17439 | Orc:1    | Reached skill level 1 in Maces & Flails
 17443 | Orc:1    | Killed Maurice
 17812 | Orc:2    | Bought an uncursed ring of wizardry for 510 gold pieces
 18020 | Lair:1   | Entered Level 1 of the Lair of Beasts
 18290 | Lair:1   | Reached skill level 1 in Shields
 18510 | Lair:1   | Found a shimmering altar of Xom.
 20348 | Lair:3   | Noticed Snorg
 20376 | Lair:3   | Killed Snorg
 20483 | Lair:3   | Found a staircase to the Shoals.
 20698 | Lair:3   | Found a hole to the Spider Nest.
 20712 | Lair:3   | Noticed Gastronok
 20756 | Lair:3   | Killed Gastronok
 20756 | Lair:3   | Reached skill level 5 in Shields
 21768 | Lair:4   | Learned a level 3 spell: Regeneration
 21772 | Lair:4   | Learned a level 3 spell: Spectral Weapon
 21775 | Lair:4   | Learned a level 2 spell: Song of Slaying
 21778 | Lair:4   | Learned a level 2 spell: Shroud of Golubria
 22407 | Lair:5   | Reached skill level 1 in Charms
 22480 | Lair:5   | Reached skill level 1 in Necromancy
 22480 | Lair:5   | Reached XP level 15. HP: 103/103 MP: 21/21
 22700 | Lair:5   | You fall through a shaft!
 22700 | Lair:6   | Entered Level 6 of the Lair of Beasts
 22723 | Lair:6   | Reached skill level 5 in Maces & Flails
 22782 | Lair:6   | Found a staircase to the Slime Pits.
 23328 | Lair:6   | Found a viscous altar of Jiyva.
 24401 | Lair:6   | Found a large runed door.
 24577 | Lair:6   | Found a large runed door.
 25479 | Elf:1    | Entered Level 1 of the Elven Halls
 25833 | Elf:1    | Found a radiant altar of Vehumet.
 26470 | Elf:2    | HP: 1/103 [deep elf knight/shard of ice (27)]
 26501 | Elf:2    | Reached XP level 16. HP: 37/109 MP: 6/22
 26877 | Elf:2    | Found a runed gate.
 26877 | Elf:2    | Found a runed gate.
 26877 | Elf:2    | Found a runed gate.
 26901 | Elf:2    | Found Xonurchaxya's Antique Armour Shoppe.
 27370 | Elf:2    | Reached skill level 5 in Necromancy
 27403 | Elf:2    | Got an uncursed scorched long sword {venom}
 27405 | Elf:2    | Identified the +8 long sword "Fonunyv" {venom, rF+ MP+9 Dex+2} (You took it off a deep elf knight on level 2 of the Elven Halls)
 28054 | Elf:3    | Entered Level 3 of the Elven Halls
 28097 | Elf:3    | Reached skill level 5 in Charms
 28123 | Elf:3    | Reached skill level 10 in Shields
 28459 | Elf:3    | Found Iruqim's Distillery.
 28633 | Elf:3    | Noticed a sphinx
 28633 | Elf:3    | Noticed a deep elf blademaster
 28753 | Elf:3    | Killed a sphinx
 28916 | Elf:3    | Killed a deep elf blademaster
 29076 | Elf:3    | Found Pofaurhe's Jewellery Shop.
 29077 | Elf:3    | Found Jefoy's Gadget Shoppe.
 29078 | Elf:3    | Found Uzus Ut Gyst's Jewellery Shop.
 29578 | Elf:3    | Lost mutation: Your mind is acute. (Int +2) [mutagenic meat]
 29765 | Elf:3    | Reached XP level 17. HP: 115/115 MP: 24/24
 30400 | Elf:3    | Reached skill level 10 in Maces & Flails
 30597 | Elf:3    | Noticed a deep elf master archer
 30840 | Elf:3    | Noticed a deep elf blademaster
 30843 | Elf:3    | Noticed a deep elf blademaster
 30884 | Elf:3    | Killed a deep elf blademaster
 30924 | Elf:3    | Noticed a deep elf master archer
 30926 | Elf:3    | Noticed a deep elf master archer
 30937 | Elf:3    | Killed a deep elf master archer
 30949 | Elf:3    | Killed a deep elf master archer
 30958 | Elf:3    | Noticed a deep elf blademaster
 30963 | Elf:3    | Killed a deep elf blademaster
 31002 | Elf:3    | Killed a deep elf master archer
 31014 | Elf:3    | Killed a deep elf blademaster
 31297 | Elf:3    | Got a brightly glowing fustibalus
 31298 | Elf:3    | Identified the +4 fustibalus "Huetrid" {venom, rN+} (You found it on level 3 of the Elven Halls)
 31314 | Elf:3    | Identified the Incunabulum of Enhancements
 31321 | Elf:3    | Learned a level 5 spell: Iskenderun's Battlesphere
 31342 | Elf:3    | Got a warped dagger
 31343 | Elf:3    | Identified the +2 dagger of Biroh Fewyom {freeze, +Fly MR+ Str+5} (You found it on level 3 of the Elven Halls)
 31596 | Elf:1    | Reached skill level 1 in Slings
 32787 | Shoals:1 | Entered Level 1 of the Shoals
 32860 | Shoals:1 | Noticed Nikola
 32925 | Shoals:1 | Upgraded the game from 0.20-a0-858-g654850e to 0.20-a0-869-gcf33cab
 33407 | Shoals:1 | Found Nuezoh's Magic Scroll Emporium.
 33419 | Shoals:1 | Reached XP level 18. HP: 92/122 MP: 25/25
 33917 | Shoals:2 | Learned a level 1 spell: Shock
 34383 | Shoals:2 | Reached skill level 5 in Slings
 34484 | Shoals:2 | Killed Nikola
 34484 | Shoals:2 | Reached skill level 1 in Conjurations
 36196 | Shoals:4 | Entered Level 4 of the Shoals
 36378 | Shoals:4 | Noticed Ilsuiw
 37116 | Shoals:4 | Killed Ilsuiw
 37617 | Shoals:4 | Noticed Mara
 38560 | Shoals:4 | Reached XP level 19. HP: 98/129 MP: 21/26
 39142 | Shoals:4 | Killed Mara
 39563 | Shoals:4 | Noticed Polyphemus
 39568 | Shoals:4 | Noticed Aizul
 39764 | Shoals:4 | Reached skill level 5 in Spellcasting
 40017 | Shoals:4 | Killed Aizul
 40226 | Shoals:4 | Got a barnacled rune of Zot
 40498 | Spider:1 | Entered Level 1 of the Spider Nest
 41403 | Spider:1 | Reached skill level 5 in Conjurations
 41837 | Spider:2 | Noticed Kirke
 41846 | Spider:2 | Killed Kirke
 42055 | Spider:2 | Noticed Agnes
 42067 | Spider:2 | Killed Agnes
 42120 | Spider:2 | HP: 4/131 [emperor scorpion (9)]
 42120 | Spider:2 | Slain by an emperor scorpion

Vault maps used:
D:1:      dpeg_arrival_snail
D:2:      nicolae_overflow_crystal_walls, chequers_ecumenical_altar_simple,
          st_stairs_4, cheibriados_altar_1
D:3:      makhleb_heckhound_becter, overflow_temple_1_default, uniq_sigmund
D:4:      gammafunk_temple_overflow_forgotten, portal_sewer_entry_c,
          first_bread, fedhas_altar_1, uniq_edmund
D:5:      hangedman_decor_opposing
D:6:      kennysheep_kobold_camp, grunt_gozag_statues, temple_green,
          kennysheep_boxes
D:8:      kennysheep_mini, david_lair_generic, st_stairs_9,
          nicolae_elemental_shop, uniq_erica
D:9:      amethyst_overflow_temple_binary, kennysheep_generic_room_14,
          uniq_erolcha
D:10:     the_bakery, uniq_josephine
D:12:     old_forge, orc_0_dummy
D:14:     lightli_vaults_fourway_checkpoint, infiniplex_staircase_river,
          uniq_nessos
D:15:     gammafunk_enter_depths_forms, hex_tiny, serial_shops,
          nicolae_shop_waterfront, minivault_26, uniq_roxanne
Lair:1:   minmay_lair_oklob_tunnel, st_stairs_12, lemuel_oklob_altar
Lair:2:   beast_lair_carwin_large_4, grunt_megastairs_2,
          infiniplex_staircase_pool
Lair:3:   beast_lair_carwin_large_2, elwin_shoals_entry_rooms,
          spider_nest_entry_rubble, serial_bayou_pond_b,
          grunt_forest_large_clearings, uniq_snorg, uniq_gastronok
Lair:4:   minivault_27, beast_lair_carwin_1
Lair:5:   minivault_19
Lair:6:   cheibrodos_lair_end_hotspot, slime_altar_1, eino_house_with_fridge
Shoals:1: serial_shops, nicolae_shop_stone, uniq_nikola
Shoals:3: st_sunken_huts
Shoals:4: shoals_end_grunt_ice, shoals_ilsuiw_ice, uniq_mara, uniq_polyphemus,
          uniq_aizul
Spider:1: mumra_spider_spiderweb, guppyfry_spider_mini_1
Spider:2: uniq_arachne, uniq_agnes, uniq_kirke
Orc:1:    serial_shops, shop, uniq_maurice
Orc:2:    st_orc_pillars, serial_shops, shop, okawaru_metal_pillars_1_2
Elf:1:    basic_altar, hangedman_elf_disciples
Elf:2:    serial_shops, shop_coins, wad_floor_pattern_2,
          hangedman_research_electronics, uniq_asterion
Elf:3:    minmay_elf_hall_statues, serial_shops, nicolae_shop_trees,
          grunt_ministairs_5, elf_orc_summit_meeting, minmay_shop_grove
Sewer:    sewer_co_15_rooms

Skill      XL: |  1  2  3  4  5  6  7  8  9 10 11 12 13 14 15 16 17 18 19 |
---------------+----------------------------------------------------------+-----
Stealth        | 3 5 7 8 9 10 12 13 14 15 | 15.5
Invocations    | 1 3 5 6 8 9 10 11 12 13 14 | 14.2
Fighting       | 3 4 6 7 8 9 10 11 12 | 12.2
Dodging        | 3 4 6 7 8 9 10 | 10.3
Evocations     | 4 7 9 10 11 | 11.3
Summonings     | 1 3 4 |  4.1
Spellcasting   | 1 3 4 6 |  6.5
Air Magic      | 1 4 |  4.5
Maces & Flails | 4 7 9 11 12 | 12.7
Shields        | 6 9 10 12 13 | 13.6
Charms         | 1 4 6 7 |  7.6
Necromancy     | 1 4 6 |  6.0
Slings         | 3 7 9 |  9.6
Conjurations   | 3 5 |  5.2
Short Blades   | |  1.0

Action                   |  1- 3 |  4- 6 |  7- 9 | 10-12 | 13-15 | 16-18 | 19-21 || total
-------------------------+-------+-------+-------+-------+-------+-------+-------++-------
Melee: Short sword       |    36 |   114 |    85 |    69 |   117 |       |       ||   421
       Tentacles         |    10 |    16 |    27 |   121 |   310 |   300 |    48 ||   832
       Constrict         |    10 |    19 |    30 |    81 |   146 |   144 |    16 ||   446
       Spear             |       |       |    94 |     2 |       |       |       ||    96
       Trident           |       |       |     5 |   487 |   928 |    29 |       ||  1449
       Dagger            |       |       |       |    18 |    57 |    79 |       ||   154
       Eveningstar       |       |       |       |     2 |    22 |   173 |   106 ||   303
       Long sword        |       |       |       |       |       |   472 |       ||   472
       Demon trident     |       |       |       |       |       |    18 |       ||    18
       Fustibalus        |       |       |       |       |       |       |     3 ||     3
 Fire: Blowgun           |       |       |     1 |     1 |       |       |       ||     2
       Fustibalus        |       |       |       |       |       |   281 |   497 ||   778
Throw: Stone             |       |       |       |       |     1 |     1 |       ||     2
 Cast: Regeneration      |       |       |       |       |    13 |    79 |    20 ||   112
       Summon Lightning  |       |       |       |       |       |     1 |     7 ||     8
Invok: Fungal Bloom      |       |    11 |    26 |    77 |   111 |   114 |    36 ||   375
       Evolution         |       |       |     4 |     6 |    18 |    15 |     9 ||    52
       Sunlight          |       |       |     2 |     3 |     9 |    12 |       ||    26
       Reproduction      |       |       |       |       |    10 |     5 |     1 ||    16
       Rain              |       |       |       |       |     3 |     8 |     1 ||    12
       Growth            |       |       |       |       |     1 |     3 |     1 ||     5
Evoke: Wand              |       |     5 |    24 |    15 |    88 |    57 |     3 ||   192
       Lightning rod     |       |       |       |       |       |     8 |     8 ||    16
       Box of beasts     |       |       |       |       |       |     3 |       ||     3
       Lamp of fire      |       |       |       |       |       |     1 |       ||     1
  Use: Scroll            |       |     8 |     9 |     9 |    19 |    24 |     4 ||    73
       Potion            |       |       |     2 |     1 |    15 |    12 |     3 ||    33
 Stab: Sleeping          |     5 |    27 |    36 |    37 |    54 |    44 |       ||   203
       Paralysed         |       |     1 |       |    18 |     6 |       |       ||    25
       Confused          |       |     2 |     1 |     5 |    27 |     5 |       ||    40
       Distracted        |       |     1 |       |     5 |    18 |     9 |     3 ||    36
  Eat: Chunk             |       |     2 |     9 |       |    17 |     8 |       ||    36
       Bread ration      |       |     1 |     1 |     2 |     6 |     6 |     3 ||    19
       Royal jelly       |       |       |     3 |       |     4 |     1 |     1 ||     9
       Meat ration       |       |       |       |     4 |     1 |     3 |       ||     8
Armor: Skin              |     1 |     6 |     8 |    59 |   110 |    55 |    17 ||   256
Dodge: Dodged            |    22 |    55 |    77 |   426 |   655 |   417 |   179 ||  1831
Block: Other             |       |       |     6 |    85 |    54 |       |       ||   145
       Shield            |       |       |       |       |  1011 |  1038 |   354 ||  2403
       Rpst.: Long sword |       |       |       |       |       |    45 |       ||    45
